 Dungeon Crawl Stone Soup version 0.22.1-1-ga44c0e56f4 (webtiles) character file.

581362 elgenn the Impregnable (level 25, 0/247 HPs)
             Began as a Minotaur Berserker on Oct 3, 2018.
             Was the Champion of Trog.
             Slain by an electric golem (4 damage)
             ... on level 5 of the Realm of Zot on Oct 6, 2018.
             The game lasted 07:13:43 (78663 turns).

elgenn the Impregnable (Minotaur Berserker)        Turns: 78663, Time: 07:13:45

Health: 0/247      AC: 45    Str: 34    XL:     25   Next: 94%
Magic:  0/34       EV: 21    Int:  7    God:    Trog [******]
Gold:   1505       SH:  0    Dex: 17    Spells: 24/24 levels left

rFire    + + +     SeeInvis +   M - +7 battleaxe of Forced Transition {flame, rF+ MR+}
rCold    + + .     Gourm    .   (shield currently unavailable)
rNeg     . . .     Faith    .   H - +10 gold dragon scales
rPois    +         Spirit   +   i - +2 hat
rElec    +         Reflect  .   F - scarf {Spirit}
rCorr    +         Harm     .   a - +2 pair of gloves {Str+3}
MR       ++...                  W - +2 pair of boots
Stlth    ..........             K - amulet of regeneration
HPRegen  0.91/turn              n - ring of Paonet {+Fly Dex+3 Slay+3 SInv}
MPRegen  0.24/turn              x - ring "Jeheposm" {rElec rF+ Str+6 Slay+3}

@: resistant, berserk cooldown, slowed, drained, very slow
A: retaliatory headbutt, horns 2, clumsy 1, deterioration 2, screaming 1
}: 3/15 runes: barnacled, silver, gossamer
a: Berserk, Trog's Hand, Brothers in Arms, Renounce Religion, Evoke Flight


You were on level 5 of the Realm of Zot.
You worshipped Trog.
Trog was exalted by your worship.
You were not hungry.

You visited 11 branches of the dungeon, and saw 50 of its levels.
You visited the Abyss 1 time.
You visited 1 bazaar.

You collected 5900 gold pieces.
You spent 4395 gold pieces at shops.

Inventory:

Hand Weapons
 r - the +3 broad axe of Sudden Death {chop, +Blink rElec rC+ Int-5}
   (Trog gifted it to you on level 1 of the Depths)

   It inflicts extra damage upon your enemies.
   It affects your intelligence (-5).
   It protects you from cold.
   It insulates you from electricity.
   It lets you blink.
 M - the +7 battleaxe of Forced Transition (weapon) {flame, rF+ MR+}
   (You found it on level 1 of the Lair of Beasts)

   It has been specially enchanted to burn those struck by it, causing extra
   injury to most foes and up to half again as much damage against particularly
   susceptible opponents.
   Big, fiery blades are also staple armaments of hydra-hunters.
   It protects you from fire.
   It affects your resistance to hostile enchantments.
Armour
 a - a +2 pair of gloves of strength (worn)
 i - a +2 hat (worn)
 F - a scarf of spirit shield (worn)
 H - +10 gold dragon scales (worn)
 P - a scarf of resistance
 W - a +2 pair of boots (worn)
Jewellery
 f - an uncursed ring of positive energy
 k - a +5 ring of protection
 m - a +3 ring of evasion
 n - the ring of Paonet (left hand) {+Fly Dex+3 Slay+3 SInv}
   (You bought it in a shop on level 1 of the Depths)

   [ring of flight]

   It affects your dexterity (+3).
   It affects your accuracy and damage with ranged weapons and melee attacks
   (+3).
   It lets you see invisible.
   It lets you fly.
 o - a +6 ring of slaying {unknown}
 x - the ring "Jeheposm" (right hand) {rElec rF+ Str+6 Slay+3}
   (You took it off a yaktaur captain on level 5 of the Vaults)

   [ring of strength]

   It affects your strength (+6).
   It affects your accuracy and damage with ranged weapons and melee attacks
   (+3).
   It protects you from fire.
   It insulates you from electricity.
 A - a +3 ring of strength
 K - an amulet of regeneration (around neck)
 V - a +2 amulet of reflection
Wands
 g - a wand of random effects (73)
 h - a wand of iceblast (27)
 y - a wand of disintegration (28)
 z - a wand of enslavement (21)
 G - a wand of flame (40)
 I - a wand of polymorph (40)
 O - a wand of paralysis (29)
Scrolls
 d - a scroll of silence {unknown}
 j - 7 scrolls of magic mapping
 p - 23 scrolls of teleportation
 s - 2 scrolls of summoning
 w - 7 scrolls of enchant weapon
 B - 5 scrolls of fog
 C - 3 scrolls of blinking
 E - 9 scrolls of remove curse
 J - 5 scrolls of identify
 Q - 3 scrolls of fear
 S - 7 scrolls of immolation
 T - 2 scrolls of brand weapon
Potions
 b - 3 potions of berserk rage
 e - 8 potions of invisibility
 l - 4 potions of haste
 t - 4 potions of brilliance
 u - 5 potions of cancellation
 v - 4 potions of agility
 D - 2 potions of mutation
 L - 5 potions of might
 N - a potion of ambrosia
 R - 9 potions of flight
 Y - 2 potions of magic
 Z - a potion of resistance
Comestibles
 c - 36 rations
 U - a chunk of flesh


   Skills:
 + Level 24.3 Fighting
 - Level 19.8(21.1) Axes
   Level 14.0(18.4) Maces & Flails
 + Level 24.5 Armour
 + Level 22.3(22.2) Dodging
 - Level 0.1 Stealth
   Level 5.7 Shields
 + Level 17.9(17.8) Evocations


You had 24 spell levels left.
You didn't know any spells.
Your spell library was empty.

Dungeon Overview and Level Annotations

Branches:
Dungeon (15/15)            Temple (1/1) D:7            Lair (6/6) D:9
 Shoals (4/4) Lair:2       Spider (4/4) Lair:2        Slime (0/5) Lair:6
    Orc (2/2) D:10            Elf (2/3) Orc:2        Vaults (5/5) D:14
  Crypt (1/3) Vaults:2     Depths (5/5) D:15            Zot (5/5) Depths:5

Altars:
Ashenzari
Cheibriados
Dithmenos
Elyvilon
Fedhas
Gozag
Hepliaklqana
Kikubaaqudgha
Makhleb
Nemelex Xobeh
Okawaru
Qazlal
Ru
Sif Muna
Trog
Uskayaw
Vehumet
Wu Jian
Xom
Yredelemnul
Zin
The Shining One
Jiyva

Shops:
D:13 *   Orc:2 =[(*(   Elf:2 [   Shoals:1 *   Vaults:1 }   Vaults:3 *=
Depths:1 =}=   Depths:3 (

Portals:
Hell: Depths:1 Depths:2 Depths:3 Depths:4 Depths:5
Abyss: Depths:3 Depths:4 Depths:5
Pandemonium: Depths:3
Ziggurat: Depths:1

Annotations:
Shoals:1 3 runed doors, exclusion: obsidian statue, Anatei's ghost, journeyman GrBe


Innate Abilities, Weirdness & Mutations

You reflexively headbutt those who attack you in melee.
You have a pair of horns on your head.
You are clumsy. (Dex -2)
Your body often deteriorates upon taking damage.
You occasionally shout uncontrollably at your foes.


Message History

You feel a strong urge to attack something.
An orb of fire comes into view.
You are no longer berserk.
You are exhausted.
You feel yourself slow down.
The electric golem hurls lightning at you.
The bolt of lightning misses you.
You feel better.
The orb of fire emits a lurid red light.
The bolt of fire hits you! You resist.
* * * LOW HITPOINT WARNING * * *
An Orb Guardian comes into view.
The orb of fire glows deep purple.
The bolt of fire misses the orb of fire.
The bolt of fire hits you! You resist.
* * * LOW HITPOINT WARNING * * *
The electric golem hits you.
* * * LOW HITPOINT WARNING * * *
The electric golem shocks you. You resist.
You die...

▓▓▓▓▓▓▓▓▓▓▓
▓..@8......
▓.....*.......
▓..............
▓.......*.......
▓...............
▓▓...DD*........
▓▓.............
▓▓..........X.


You could see 3 orbs of fire, an electric golem, a shadow dragon, a golden
dragon and an Orb Guardian (wandering).

Vanquished Creatures
  Sojobo (Vaults:4)
  Boris (Vaults:2)
  Saint Roka (Orc:2)
  2 curse toes
  A Killer Klown (Zot:4)
  Jory (Depths:4)
  3 golden dragons
  A bone dragon (Depths:5)
  An electric golem (Zot:5)
  16 tentacled monstrosities
  9 Orb Guardians (Zot:5)
  A titan (Depths:4)
  4 liches
  5 quicksilver dragons
  5 death cobs
  A tentacled starspawn (Abyss:3)
  Gastronok (Lair:3)
  4 sphinxes
  8 storm dragons
  8 draconian monks
  6 shadow dragons
  12 tengu reavers
  13 frost giants
  8 fire giants
  8 ghost moths
  2 deep elf sorcerers (Depths:2)
  16 vault wardens
  5 draconian scorchers
  8 emperor scorpions
  4 draconian knights
  Louise (Depths:4)
  A ghost moth (shapeshifter) (Depths:3)
  An iron dragon (Depths:3)
  A deep elf elementalist (Vaults:5)
  A juggernaut zombie (Depths:4)
  11 draconian shifters
  4 draconian stormcallers
  28 very ugly things
  A reaper (Abyss:3)
  19 ironheart preservers
  A ghoul (Vaults:2)
  2 war gargoyles (Vaults:5)
  9 entropy weavers
  5 draconian annihilators
  A juggernaut skeleton (Depths:2)
  5 vampire knights
  30 stone giants
  A deep elf demonologist (Elf:2)
  Azrael (D:14)
  8 green draconians
  A lorocyproca (Depths:3)
  3 deep elf annihilators
  11 yellow draconians
  6 spark wasps
  3 purple draconians (Zot:3)
  10 red draconians
  13 white draconians
  A dire elephant (D:15)
  5 black draconians
  4 merfolk javelineers
  A death ooze (Lair:1)
  Snorg (D:14)
  20 ettins
  10 fire dragons
  A quicksilver dragon zombie (Depths:4)
  2 deep elf death magi
  17 yaktaur captains
  13 ice dragons
  7 merfolk impalers
  15 ogre magi
  7 great orbs of eyes
  A deep elf high priest (Depths:3)
  The ghost of Zarkath the Fighter, a journeyman GrSk of Okawaru (Lair:1)
  A monstrous demonspawn (Depths:3)
  A hydra (shapeshifter) (Vaults:4)
  32 vault guards
  A juggernaut simulacrum (Depths:2)
  A merfolk avatar (Shoals:1)
  5 rakshasas
  8 centaur warriors
  11 hydras
  2 catoblepae
  3 death knights
  2 spriggan air magi
  A two-headed ogre (shapeshifter) (Vaults:5)
  28 dancing weapons
  7 tengu warriors
  2 satyrs (Shoals:3)
  24 two-headed ogres
  10 spriggan berserkers
  6 deep troll earth magi
  14 deep troll shamans
  10 death yaks
  5 vampire magi
  Urug (Lair:5)
  A shock serpent (shapeshifter) (Depths:1)
  3 spriggans (Depths:2)
  13 deep elf knights
  4 iron trolls
  A wretched star (Abyss:3)
  A spatial maelstrom (Abyss:3)
  A golden dragon zombie (Depths:3)
  An unseen horror (Vaults:1)
  6 skeletal warriors
  3 flayed ghosts
  A sixfirhy (Abyss:3)
  3 glowing orange brains
  35 deep trolls
  11 sea snakes
  A tengu zombie (Depths:3)
  5 harpies (Shoals:4)
  15 wizards
  A harpy (shapeshifter) (Vaults:5)
  12 ironbrand convokers
  11 deep elf archers
  51 deep elf magi
  5 necromancers
  An orb spider (shapeshifter) (D:15)
  11 phantasmal warriors
  Pikel (D:4)
  A sphinx zombie (Depths:4)
  15 orc knights
  8 fauns
  27 wolf spiders
  A cyclops (shapeshifter) (Vaults:5)
  52 ugly things
  A manticore (shapeshifter) (Vaults:4)
  6 orb spiders
  21 cyclopes
  11 manticores
  4 orc sorcerers
  A salamander (D:15)
  A stone giant skeleton (Crypt:1)
  13 vault sentinels
  19 elephants
  A human skeleton (Vaults:5)
  3 black mambas
  22 moths of wrath
  A moth of wrath (shapeshifter) (Vaults:2)
  4 merfolk sirens
  A rust devil (Depths:3)
  A black mamba (shapeshifter) (Vaults:2)
  An elf zombie (Vaults:5)
  Joseph (D:7)
  Maurice (Orc:2)
  2 water nymphs
  3 frost giant skeletons
  3 torpor snails
  2 orange demons
  17 spiny frogs
  A centaur skeleton (D:15)
  A gargoyle (D:11)
  4 freezing wraiths
  4 rime drakes
  12 demonic crawlers
  A kobold demonologist (D:14)
  4 tengu conjurers
  5 komodo dragons
  70 yaktaurs
  A harpy zombie (D:15)
  A yaktaur skeleton (Vaults:5)
  6 meliai
  An ancient zyme (Abyss:3)
  A queen bee (Lair:2)
  A merfolk (shapeshifter) (Vaults:5)
  12 hornets
  34 merfolk
  27 jumping spiders
  3 polar bears
  16 slime creatures
  2 wind drakes (Shoals:1)
  2 polar bears (shapeshifter)
  9 trolls
  3 raiju (Abyss:3)
  2 dream sheep (Lair:2)
  2 large abominations (Abyss:3)
  22 blink frogs
  A snapping turtle (shapeshifter) (D:15)
  An ettin zombie (Depths:2)
  6 snapping turtles
  A frost giant simulacrum (Depths:4)
  9 hippogriffs
  2 air elementals (Elf:1)
  23 tarantellas
  7 water elementals
  55 yaks
  4 fire elementals
  An ettin skeleton (Depths:2)
  95 redbacks
  3 wraiths
  A vampire (D:10)
  A ynoxinul (Abyss:3)
  5 wyverns
  A basilisk (D:14)
  A basilisk (shapeshifter) (D:15)
  Menkaure (D:7)
  A steam dragon (shapeshifter) (Vaults:5)
  2 neqoxecs (Abyss:3)
  2 hungry ghosts
  A chaos spawn (Depths:3)
  7 wargs
  A gelid demonspawn zombie (Crypt:1)
  A spatial vortex (Abyss:3)
  11 water moccasins
  A hell hound (D:14)
  2 acid dragons (Vaults:1)
  A merfolk skeleton (Crypt:1)
  6 ice beasts
  7 porcupines
  2 black bears
  31 orc warriors
  2 sky beasts
  A snapping turtle zombie (Crypt:1)
  2 necrophages
  8 boggarts
  27 wolves
  A small abomination (Abyss:3)
  30 ogres
  14 centaurs
  8 crocodiles
  22 bullfrogs
  4 big kobolds
  2 human zombies
  An earth elemental (Elf:2)
  A wyvern skeleton (D:9)
  2 scorpions
  18 wights
  40 killer bees
  3 howler monkeys (D:14)
  6 electric eels
  5 crimson imps
  5 bullfrog zombies
  9 jellies
  A quasit (D:13)
  13 orc priests
  5 centaur zombies
  A wyvern simulacrum (D:10)
  8 hounds
  4 bullfrog skeletons
  17 orc wizards
  6 iguanas
  Natasha (D:3)
  6 worker ants
  A centaur simulacrum (D:10)
  A bullfrog simulacrum (D:10)
  A hound zombie (D:7)
  3 hound skeletons
  A worker ant zombie (D:9)
  Robin (D:3)
  13 adders
  6 gnolls
  10 shadow imps
  2 hound simulacra (D:10)
  7 white imps
  A worker ant simulacrum (D:10)
  An ufetubus (D:10)
  3 oozes
  2 adder skeletons
  7 worms
  A dart slug (D:4)
  2 leopard geckos
  83 orcs
  3 ball pythons
  14 bats
  6 giant cockroaches
  13 goblins
  9 hobgoblins
  12 jackals
  8 quokkas
  6 frilled lizards
  4 hobgoblin zombies (D:5)
  18 kobolds
  A kobold skeleton (D:5)
  2 kobold zombies (D:5)
  An orc skeleton (D:5)
  An orc zombie (D:5)
  A quokka skeleton (D:5)
  A quokka zombie (D:6)
  7 rats
  A fire vortex (Depths:1)
  6 fungi
  17 plants
  A starspawn tentacle (Abyss:3)
  3 tentacles (Shoals:1)
2152 creatures vanquished.

Vanquished Creatures (collateral kills)
  A kraken (Shoals:1)
  A frost giant (Depths:4)
  A deep elf elementalist (Vaults:4)
  An entropy weaver (Spider:4)
  An ettin (Orc:2)
  2 merfolk javelineers (Shoals:4)
  A merfolk impaler (Shoals:4)
  A great orb of eyes (Vaults:4)
  A vault guard (Vaults:4)
  A merfolk avatar (Shoals:4)
  A centaur warrior (D:14)
  3 dancing weapons
  A deep troll (Depths:4)
  A deep elf archer (Elf:1)
  A harpy (Shoals:4)
  An ironbrand convoker (Vaults:4)
  A wolf spider (Lair:2)
  An orc knight (Vaults:1)
  An orc sorcerer (Vaults:4)
  A moth of wrath (Spider:4)
  3 manticores (Shoals:4)
  2 fauns (Shoals:3)
  A deep elf mage (Elf:2)
  A cyclops (Depths:4)
  A centaur zombie (D:13)
  2 yaktaurs (Vaults:5)
  7 merfolk
  A hornet (D:13)
  A dream sheep (Shoals:3)
  A snapping turtle (Shoals:4)
  A tarantella (Spider:3)
  A water elemental (Elf:1)
  A yak (D:13)
  2 orc warriors (Vaults:1)
  2 ogres
  2 centaurs (D:14)
  A big kobold (D:14)
  A wight (D:11)
  An orc priest (Orc:2)
  An orc wizard (D:13)
  2 worker ants (D:13)
  7 orcs
  A tentacle (Shoals:1)
66 creatures vanquished.

Vanquished Creatures (others)
  A stone giant (Depths:2)
  2 redbacks
  A tarantella (Spider:4)
  An ogre (Vaults:5)
  An electric eel (D:15)
  A quasit (Abyss:3)
  A ball python skeleton (D:4)
  5 bushes
  27 fungi
  49 plants
  18 starspawn tentacles (Abyss:3)
  5 tentacles (Shoals:1)
112 creatures vanquished.

Grand Total: 2330 creatures vanquished

Notes
Turn   | Place    | Note
-------+----------+-------------------------------------------
     0 | D:1      | elgenn the Minotaur Berserker began the quest for the Orb.
     0 | D:1      | Reached XP level 1. HP: 19/19 MP: 0/0
   377 | D:1      | Reached XP level 2. HP: 27/27 MP: 1/1
   982 | D:2      | Reached XP level 3. HP: 25/33 MP: 2/2
  1166 | D:2      | Noticed a hungry ghost
  1172 | D:2      | Killed a hungry ghost
  1172 | D:2      | Reached skill level 5 in Maces & Flails
  1172 | D:2      | Reached XP level 4. HP: 41/41 MP: 3/3
  1172 | D:2      | Reached XP level 5. HP: 47/47 MP: 4/4
  1365 | D:2      | Reached skill level 5 in Fighting
  1482 | D:2      | Reached ** piety under Trog
  1731 | D:3      | Noticed Robin
  2090 | D:3      | Killed Robin
  2193 | D:3      | Reached *** piety under Trog
  2314 | D:3      | Reached XP level 6. HP: 54/56 MP: 5/5
  2468 | D:3      | Noticed Natasha
  2477 | D:3      | Killed Natasha
  3164 | D:4      | Noticed a slave
  3164 | D:4      | Noticed a slave
  3164 | D:4      | Noticed a slave
  3164 | D:4      | Noticed Pikel
  3164 | D:4      | Noticed a slave
  3179 | D:4      | Killed Pikel
  3179 | D:4      | Reached skill level 1 in Shields
  3179 | D:4      | Reached XP level 7. HP: 51/62 MP: 6/6
  3192 | D:4      | Reached skill level 5 in Armour
  3472 | D:4      | Reached XP level 8. HP: 52/70 MP: 7/7
  3717 | D:4      | Reached **** piety under Trog
  4105 | D:5      | Entered Level 5 of the Dungeon
  4156 | D:5      | Found a glowing silver altar of Zin.
  4534 | D:5      | Found a glowing golden altar of the Shining One.
  4720 | D:5      | Reached skill level 5 in Dodging
  5251 | D:5      | Found a basalt altar of Yredelemnul.
  5251 | D:5      | Found a shattered altar of Ashenzari.
  5526 | D:6      | Reached XP level 9. HP: 68/78 MP: 8/8
  5684 | D:6      | Reached ***** piety under Trog
  6065 | D:6      | Found a white marble altar of Elyvilon.
  6292 | D:7      | Noticed Menkaure
  6302 | D:7      | Killed Menkaure
  6588 | D:7      | Noticed Joseph
  6605 | D:7      | Killed Joseph
  6605 | D:7      | Reached skill level 10 in Maces & Flails
  6605 | D:7      | Reached skill level 5 in Shields
  6851 | D:7      | Received a gift from Trog
  7144 | D:7      | Found a staircase to the Ecumenical Temple.
  7150 | Temple   | Entered the Ecumenical Temple
  8847 | D:9      | Reached XP level 10. HP: 80/88 MP: 3/9
  8915 | D:9      | Found a sacrificial altar of Ru.
  8915 | D:9      | Found a hide-covered altar of Uskayaw.
  9163 | D:9      | Found a staircase to the Lair.
 10087 | D:10     | Entered Level 10 of the Dungeon
 10127 | Lair:1   | Entered Level 1 of the Lair of Beasts
 10356 | D:10     | Found a shattered altar of Ashenzari.
 10836 | D:10     | Got a colourful robe
 11156 | D:10     | Found a staircase to the Orcish Mines.
 11435 | Orc:1    | Entered Level 1 of the Orcish Mines
 11653 | Orc:2    | Entered Level 2 of the Orcish Mines
 11654 | Orc:2    | Noticed Saint Roka
 11659 | Orc:2    | Noticed a stone giant
 11702 | Orc:1    | Identified the +1 robe of the Dropbear {rElec Regen+ Str+3}
                  | (You found it on level 10 of the Dungeon)
 11832 | Lair:1   | Noticed a spiny frog
 11839 | Lair:1   | Reached XP level 11. HP: 68/97 MP: 3/10
 12607 | Lair:1   | Got an iridescent battleaxe
 12613 | Lair:1   | Identified the +7 battleaxe of Forced Transition {flame,
                  | rF+ MR+} (You found it on level 1 of the Lair of Beasts)
 12673 | Lair:1   | Reached skill level 10 in Armour
 12799 | Lair:1   | Found a runed gate.
 12799 | Lair:1   | Found a runed gate.
 12799 | Lair:1   | Found a runed gate.
 12803 | Lair:1   | Noticed Zarkath's ghost (journeyman GrSk)
 12808 | Lair:1   | Noticed a death ooze
 12813 | Lair:1   | Reached skill level 1 in Axes
 13692 | Lair:1   | Found a viscous altar of Jiyva.
 14201 | Lair:2   | Reached skill level 10 in Fighting
 14204 | Lair:2   | Reached skill level 5 in Axes
 14216 | Lair:2   | Reached ****** piety under Trog
 14347 | Lair:2   | Received a gift from Trog
 14590 | Lair:2   | Found a staircase to the Shoals.
 14959 | Lair:2   | Reached XP level 12. HP: 107/107 MP: 11/11
 15127 | Lair:2   | Found a hole to the Spider Nest.
 15171 | Lair:2   | Noticed a four-headed hydra
 15180 | Lair:2   | Killed a one-headed hydra
 16434 | Lair:3   | Noticed an eight-headed hydra
 16446 | Lair:3   | Killed a five-headed hydra
 16491 | Lair:3   | Noticed Gastronok
 16524 | Lair:3   | Killed Gastronok
 16999 | Lair:4   | Noticed a six-headed hydra
 17007 | Lair:4   | Killed a one-headed hydra
 17007 | Lair:4   | Reached skill level 10 in Axes
 17231 | Lair:4   | Noticed a catoblepas
 17243 | Lair:4   | Killed a catoblepas
 17441 | Lair:4   | Noticed a death yak
 17441 | Lair:4   | Noticed a death yak
 17447 | Lair:4   | Noticed a death yak
 17450 | Lair:4   | Noticed a death yak
 17844 | Lair:4   | Noticed a five-headed hydra
 17854 | Lair:4   | Killed a one-headed hydra
 17854 | Lair:4   | Reached XP level 13. HP: 108/117 MP: 12/12
 18601 | Lair:5   | Received a gift from Trog
 19126 | Lair:5   | Noticed Urug
 19141 | Lair:5   | Killed Urug
 19141 | Lair:5   | Reached skill level 10 in Dodging
 20144 | Lair:6   | Entered Level 6 of the Lair of Beasts
 20588 | Lair:6   | Reached XP level 14. HP: 120/127 MP: 13/13
 20613 | Lair:6   | Found a staircase to the Slime Pits.
 20889 | Lair:6   | Reached skill level 1 in Evocations
 21514 | Lair:6   | Got a scintillating brass amulet
 21527 | Lair:6   | Identified the amulet "Ute Lots" {Spirit *Corrode rElec
                  | Int+8 Slay-5} (You found it on level 6 of the Lair of
                  | Beasts)
 22162 | Lair:6   | Received a gift from Trog
 22953 | Orc:1    | Received a gift from Trog
 23634 | Orc:2    | Killed a stone giant
 23863 | Orc:2    | Killed Saint Roka
 24033 | Orc:2    | Noticed Maurice
 24129 | Orc:2    | Found Ikunko's General Store.
 24137 | Orc:2    | Killed Maurice
 24289 | Orc:2    | Found Ovotew's Antique Weapon Emporium.
 24520 | Orc:2    | Found Jearol's Jewellery Emporium.
 25054 | Orc:2    | Found a staircase to the Elven Halls.
 25085 | Orc:2    | Found Nucilall's Antique Armour Shoppe.
 25429 | Orc:2    | Found Zaboergha's Antique Weapon Shop.
 25872 | Orc:1    | Paralysed by an orc sorcerer for 6 turns
 26109 | Orc:1    | Received a gift from Trog
 26135 | Orc:1    | Got an ebony lajatang {god gift}
 26299 | Orc:2    | Identified the +4 lajatang of Fyowus {flame, *Corrode +Rage
                  | Str+3} (Trog gifted it to you on level 1 of the Orcish
                  | Mines)
 26807 | D:11     | Reached XP level 15. HP: 135/137 MP: 15/17
 27804 | D:12     | Found a blossoming altar of Fedhas.
 27806 | D:12     | Reached skill level 15 in Axes
 28142 | D:13     | Found Begar's General Store.
 28484 | D:13     | Received a gift from Trog
 29294 | D:14     | Noticed Azrael
 29331 | D:14     | Noticed Snorg
 29341 | D:14     | Killed Snorg
 29822 | D:14     | Received a gift from Trog
 30137 | D:14     | Found a gate to the Vaults.
 30199 | D:14     | Killed Azrael
 30385 | D:15     | Entered Level 15 of the Dungeon
 30390 | D:15     | Reached skill level 5 in Evocations
 31462 | D:15     | Found a staircase to the Depths.
 32022 | Spider:1 | Entered Level 1 of the Spider Nest
 32393 | Spider:1 | Reached skill level 15 in Armour
 32408 | Lair:2   | HP: 6/139 [poisoned by an emperor scorpion]
 32805 | Spider:1 | Received a gift from Trog
 33989 | Spider:2 | Reached XP level 16. HP: 141/147 MP: 19/19
 34317 | Orc:2    | Bought an uncursed ring of protection from magic for 425
                  | gold pieces
 36295 | Spider:3 | Received a gift from Trog
 36311 | Spider:3 | Reached skill level 15 in Fighting
 37036 | Spider:4 | Entered Level 4 of the Spider Nest
 39237 | Spider:4 | Received a gift from Trog
 39834 | Spider:4 | Reached XP level 17. HP: 80/156 MP: 21/21
 40090 | Spider:4 | Got a gossamer rune of Zot
 40338 | Shoals:1 | Entered Level 1 of the Shoals
 40353 | Shoals:1 | Noticed a kraken
 40540 | Shoals:1 | Killed a kraken
 40718 | Shoals:1 | Found a runed gate.
 40718 | Shoals:1 | Found a runed gate.
 40718 | Shoals:1 | Found a runed gate.
 40813 | Shoals:1 | Found Siustut's Assorted Antiques.
 40814 | Shoals:1 | Noticed Anatei's ghost (journeyman GrBe)
 41575 | Shoals:1 | Received a gift from Trog
 41866 | Shoals:1 | Cast into level 2 of the Abyss (merfolk)
 41866 | Abyss:2  | Found a corrupted altar of Lugonu.
 42208 | Abyss:3  | Gained mutation: You are clumsy. (Dex -2) [a neqoxec]
 42600 | Shoals:1 | Escaped the Abyss
 42626 | Shoals:1 | HP: 5/158 [drowned by a drowned soul[a merfolk avatar]
                  | (13)]
 42627 | Shoals:1 | HP: 2/158 [drowned by a drowned soul[a merfolk avatar]
                  | (11)]
 43620 | Shoals:4 | Entered Level 4 of the Shoals
 44268 | Shoals:4 | Received a gift from Trog
 44517 | Shoals:4 | Received a gift from Trog
 44944 | Shoals:4 | Got a barnacled rune of Zot
 45317 | Elf:1    | Entered Level 1 of the Elven Halls
 45928 | Elf:1    | Reached XP level 18. HP: 100/168 MP: 23/23
 48035 | Elf:2    | Noticed an Ice Fiend
 48604 | Elf:2    | Found Qawy Von's Armour Shop.
 48846 | Elf:2    | Found a runed gate.
 48846 | Elf:2    | Found a runed gate.
 48847 | Elf:2    | Found a runed gate.
 48854 | Elf:2    | Received a gift from Trog
 50261 | Vaults:1 | Entered Level 1 of the Vaults
 50428 | Orc:2    | Bought a runed plate armour for 806 gold pieces
 50428 | Orc:2    | Bought a runed cloak for 232 gold pieces
 50562 | Lair:1   | Reached skill level 15 in Dodging
 50573 | Lair:1   | Killed Zarkath's ghost
 50904 | Vaults:1 | Found Sysmam's Gadget Shoppe.
 51293 | Vaults:1 | Reached skill level 10 in Evocations
 51321 | Vaults:1 | Received a gift from Trog
 51349 | Vaults:1 | Paralysed by a hornet for 1 turns
 51685 | Vaults:1 | Reached XP level 19. HP: 159/177 MP: 25/25
 52765 | Vaults:1 | Found a shimmering altar of Xom.
 53920 | Vaults:2 | Received a gift from Trog
 54200 | Vaults:2 | Noticed Boris
 54231 | Vaults:2 | Killed Boris
 55044 | Vaults:2 | Found a staircase to the Crypt.
 57222 | Vaults:3 | Received a gift from Trog
 57432 | Vaults:3 | Found Carcholiw's Assorted Antiques.
 57441 | Vaults:3 | Bought a scroll of identify for 56 gold pieces
 57441 | Vaults:3 | Bought a scroll of magic mapping for 98 gold pieces
 57441 | Vaults:3 | Bought a scroll of fear for 98 gold pieces
 57884 | Vaults:3 | Found Fiatienic's Jewellery Shoppe.
 57959 | Vaults:3 | Bought an uncursed ring of positive energy for 340 gold
                  | pieces
 58511 | Vaults:4 | Reached XP level 20. HP: 129/189 MP: 27/27
 58767 | Vaults:4 | Found a flickering gateway to a bazaar.
 58788 | Bazaar   | Entered a bazaar
 58788 | Bazaar   | Found Lickoinui's Antique Armour Shop.
 58788 | Bazaar   | Found Moddac's Antique Weapon Shop.
 58835 | Bazaar   | Found Xavole's General Store.
 58857 | Bazaar   | Bought a glowing plate armour for 1014 gold pieces
 58857 | Bazaar   | Bought a glowing scarf for 312 gold pieces
 58925 | Bazaar   | Bought a scroll of identify for 22 gold pieces
 58925 | Bazaar   | Bought a ration for 55 gold pieces
 58925 | Bazaar   | Bought a scroll of teleportation for 33 gold pieces
 58945 | Bazaar   | Identified a scroll of acquirement
 59056 | Vaults:4 | Received a gift from Trog
 59425 | Vaults:4 | Noticed Sojobo
 59439 | Vaults:4 | Killed Sojobo
 60744 | Vaults:5 | Entered Level 5 of the Vaults
 61361 | Vaults:4 | Received a gift from Trog
 62109 | Vaults:5 | Reached XP level 21. HP: 141/199 MP: 20/29
 64007 | Vaults:5 | Received a gift from Trog
 64020 | Vaults:5 | Noticed a golden dragon
 64036 | Vaults:5 | Killed a golden dragon
 64668 | Vaults:5 | Got a serpentine granite ring
 64720 | Vaults:4 | Identified the ring "Jeheposm" {rElec rF+ Str+6 Slay+3}
                  | (You took it off a yaktaur captain on level 5 of the
                  | Vaults)
 65044 | Vaults:5 | Got a silver rune of Zot
 65608 | Vaults:5 | Got a warped bronze ring
 65609 | Vaults:5 | Identified the ring of Xaoghe {*Tele *Slow rElec rPois
                  | Int-3} (You found it on level 5 of the Vaults)
 66161 | Crypt:1  | Entered Level 1 of the Crypt
 66498 | Depths:1 | Entered Level 1 of the Depths
 66514 | Depths:1 | Found a gateway to a ziggurat.
 66604 | Depths:1 | Found a gateway to Hell.
 66628 | Depths:1 | Received a gift from Trog
 66756 | Depths:1 | Reached XP level 22. HP: 200/211 MP: 29/31
 66855 | Depths:1 | Found Uhusihoo's Jewellery Boutique.
 66855 | Depths:1 | Found Juocolao's Gadget Emporium.
 66856 | Depths:1 | Found Kippiuk's Jewellery Boutique.
 66865 | Depths:1 | Bought the ring of Paonet {+Fly Dex+3 Slay+3 SInv} for 904
                  | gold pieces
 66900 | Depths:1 | Received a gift from Trog
 66903 | Depths:1 | Got a scorched broad axe {god gift}
 66904 | Depths:1 | Identified the +3 broad axe of Sudden Death {chop, +Blink
                  | rElec rC+ Int-5} (Trog gifted it to you on level 1 of the
                  | Depths)
 67300 | Depths:1 | Found a bloodstained altar of Trog.
 68454 | Depths:2 | Received a gift from Trog
 68783 | Depths:3 | Found Xyptodd's Antique Weapon Boutique.
 69318 | Depths:3 | Received a gift from Trog
 69527 | Depths:3 | Received a gift from Trog
 69723 | Depths:3 | Reached XP level 23. HP: 213/221 MP: 33/33
 69747 | Depths:3 | Reached skill level 15 in Evocations
 70514 | Depths:3 | Found a one-way gate to the infinite horrors of the Abyss.
 70958 | Depths:3 | Found a one-way gate leading to the halls of Pandemonium.
 71192 | Depths:4 | Noticed Jory
 71210 | Depths:3 | Received a gift from Trog
 71260 | Depths:4 | Killed Jory
 71831 | Depths:4 | Noticed Louise
 71900 | Depths:4 | Killed Louise
 72360 | Depths:4 | Received a gift from Trog
 72450 | Depths:4 | Reached XP level 24. HP: 191/233 MP: 28/34
 73198 | Depths:5 | Entered Level 5 of the Depths
 73599 | Depths:5 | Received a gift from Trog
 73743 | Depths:5 | Found a gate to the Realm of Zot.
 74203 | Zot:1    | Entered Level 1 of the Realm of Zot
 75289 | Zot:2    | Received a gift from Trog
 75873 | Zot:3    | Reached XP level 25. HP: 202/243 MP: 28/34
 76338 | Zot:3    | Received a gift from Trog
 78022 | Zot:5    | Entered Level 5 of the Realm of Zot
 78247 | Zot:5    | Received a gift from Trog
 78635 | Zot:5    | Noticed an orb of fire
 78640 | Zot:5    | Noticed an orb of fire
 78641 | Zot:5    | Noticed an orb of fire
 78650 | Zot:5    | Noticed an orb of fire
 78650 | Zot:5    | Noticed an ancient lich
 78654 | Zot:5    | Gained mutation: Your body sometimes deteriorates upon
                  | taking damage. [an orb of fire]
 78657 | Zot:5    | Gained mutation: Your body often deteriorates upon taking
                  | damage. [an orb of fire]
 78658 | Zot:5    | Gained mutation: You occasionally shout uncontrollably at
                  | your foes. [an orb of fire]
 78660 | Zot:5    | Noticed an orb of fire
 78660 | Zot:5    | Noticed an orb of fire
 78661 | Zot:5    | Noticed an orb of fire
 78663 | Zot:5    | HP: 10/247 [orb of fire/bolt of fire (6)]
 78663 | Zot:5    | HP: 4/247 [electric golem (6)]
 78663 | Zot:5    | Slain by an electric golem

Skill      XL: |  1  2  3  4  5  6  7  8  9 10 11 12 13 14 15 16 17 18 19 20 21 22 23 24 25 |
---------------+----------------------------------------------------------------------------+-----
Fighting       | 4 5 6 7 9 10 11 12 13 14 15 16 17 18 19 20 21 22 23 24 | 24.3
Maces & Flails | 4 5 7 8 9 11 13 14 | 14.0
Armour         | 3 4 5 6 8 9 11 12 13 14 15 16 17 18 19 20 21 22 23 24 | 24.5
Dodging        | 3 4 5 6 7 9 10 11 12 13 14 15 16 17 18 19 20 21 22 | 22.3
Shields        | 1 3 5 |  5.7
Axes           | 6 10 13 14 16 17 19 | 19.8
Evocations     | 4 5 7 8 10 11 12 13 14 16 17 | 17.9
Stealth        | |  0.1

Action                   |  1- 3 |  4- 6 |  7- 9 | 10-12 | 13-15 | 16-18 | 19-21 | 22-24 | 25-27 || total
-------------------------+-------+-------+-------+-------+-------+-------+-------+-------+-------++-------
Melee: Mace              |    49 |    57 |       |    22 |       |       |       |       |       ||   128
       Headbutt          |     6 |    28 |    91 |   105 |   216 |   266 |   304 |   382 |   103 ||  1501
       Whip              |       |    88 |   343 |       |       |       |       |       |       ||   431
       Great mace        |       |       |    63 |   226 |       |    52 |       |       |       ||   341
       Battleaxe         |       |       |       |   310 |   999 |  1226 |  1078 |  1061 |   266 ||  4940
Throw: Stone             |       |       |       |    15 |    12 |       |       |       |       ||    27
Invok: Berserk           |     1 |     3 |     6 |    12 |    20 |    15 |    19 |     5 |     3 ||    84
       Brothers in Arms  |       |       |       |       |     7 |    19 |     4 |     1 |       ||    31
 Abil: Evoke Flight      |       |       |       |       |       |       |       |       |     1 ||     1
Evoke: Wand              |       |       |       |       |     3 |    23 |     1 |       |       ||    27
  Use: Scroll            |       |     2 |     7 |       |     6 |    15 |    23 |     2 |       ||    55
       Potion            |       |       |       |       |     6 |    13 |     3 |       |     8 ||    30
 Stab: Distracted        |       |       |       |     1 |       |     3 |     3 |       |       ||     7
       Paralysed         |       |       |       |       |       |    10 |       |       |       ||    10
  Eat: Chunk             |     1 |    11 |     8 |    18 |    27 |    53 |    45 |    24 |     2 ||   189
       Ration            |       |       |     5 |     6 |    14 |    12 |     5 |     2 |     3 ||    47
Armor: Animal skin       |     2 |       |       |       |       |       |       |       |       ||     2
       Ring mail         |    10 |    18 |       |       |       |       |       |       |       ||    28
       Chain mail        |       |    30 |   131 |   281 |       |       |    36 |       |       ||   478
       Plate armour      |       |       |       |    36 |   595 |   908 |   483 |       |       ||  2022
       Gold dragon scale |       |       |       |       |       |       |   112 |   613 |   172 ||   897
Dodge: Dodged            |    49 |    58 |    89 |   407 |   783 |  1048 |   750 |   750 |   224 ||  4158
Block: Shield            |       |    20 |   100 |    15 |       |       |       |       |       ||   135
       Other             |       |       |       |       |       |       |     4 |    34 |       ||    38
       Reflection        |       |       |       |       |       |       |     2 |     5 |       ||     7
